 Dungeon Crawl Stone Soup version 0.23.2-33-g5129a83184 (webtiles) character file.

Game seed: 9255496412143206055

343830 Lapis the Ninja (level 21, -4/142 HPs)
             Began as a Vampire Enchanter on Aug 5, 2019.
             Was the Champion of Nemelex Xobeh.
             Slain by a jiangshi (9 damage)
             ... led by a vampire mage
             ... on level 1 of the Crypt on Aug 7, 2019.
             The game lasted 06:04:49 (67359 turns).

Lapis the Ninja (Vampire Enchanter)                Turns: 67359, Time: 06:04:52

Health: -4/142     AC: 17    Str:  7    XL:     21   Next: 14%
Magic:  35/46      EV: 15    Int: 33    God:    Nemelex Xobeh [******]
Gold:   1741       SH:  4    Dex: 25    Spells: 20/54 levels left

rFire    + . .     SeeInvis +   j - +4 rapier of Jegigh {pierce, rElec rN+ Dex+5}
rCold    . . .     Gourm    .   (no shield)
rNeg     + + +     Faith    .   S - +4 ring mail "Matses" {rPois rF+ rN+ Int+7}
rPois    +         Spirit   .   s - +1 helmet
rElec    +         Reflect  +   g - +1 cloak {MR+}
rCorr    .         Harm     .   A - +0 pair of gloves
MR       ++...                  n - +0 pair of boots
Stlth    +++++++++.             q - +4 amulet of reflection
HPRegen  1.33/turn              e - ring of wizardry
MPRegen  0.30/turn              N - ring "Kaffudgh" {rPois MR+ Int+4 SInv}

@: about to teleport, vulnerable, very slightly contaminated, regenerating
A: fangs 3, see invisible, high mp 1, magic resistance 1, unbreathing
}: 2/15 runes: decaying, serpentine
a: Bat Form, Draw Escape, Draw Destruction, Draw Summoning, Triple Draw, Deal
Four, Stack Five, Renounce Religion


You were on level 1 of the Crypt.
You worshipped Nemelex Xobeh.
Nemelex Xobeh was exalted by your worship.
You were not thirsty.

You visited 10 branches of the dungeon, and saw 41 of its levels.

You collected 4363 gold pieces.
You spent 2622 gold pieces at shops.

Inventory:

Hand Weapons
 a - a +8 quick blade
 j - the +4 rapier of Jegigh (weapon) {pierce, rElec rN+ Dex+5}
   (You found it on level 15 of the Dungeon)

   It inflicts extra damage upon your enemies.
   It affects your dexterity (+5).
   It insulates you from electricity.
   It protects you from negative energy.
 I - a +0 blowgun
 R - the +6 falchion of Dung {slice, *Slow rElec rC+ Dex+5}
   (You found it on level 1 of the Elven Halls)

   It inflicts extra damage upon your enemies.
   It affects your dexterity (+5).
   It protects you from cold.
   It insulates you from electricity.
   It may slow you when you take damage.
Missiles
 i - 19 curare-tipped needles
 Q - 4 needles of confusion
Armour
 g - a +1 cloak of magic resistance (worn)
 n - a +0 pair of boots (worn)
 s - a +1 helmet (worn)
 A - a +0 pair of gloves (worn)
 E - the +3 ring mail "Qafuar" {rC+ MR+ Str-2}
   (You found it on level 8 of the Dungeon)

   It affects your strength (-2).
   It protects you from cold.
   It affects your resistance to hostile enchantments.
 S - the +4 ring mail "Matses" (worn) {rPois rF+ rN+ Int+7}
   (You found it on level 9 of the Dungeon)

   It affects your intelligence (+7).
   It protects you from fire.
   It protects you from poison.
   It protects you from negative energy.
Magical Staves
 b - an uncursed staff of wizardry
 f - an uncursed staff of power
Jewellery
 e - a ring of wizardry (left hand)
 k - an uncursed amulet of rage
 q - a +4 amulet of reflection (around neck)
 y - a +5 ring of strength
 C - a +5 ring of evasion
 N - the ring "Kaffudgh" (right hand) {rPois MR+ Int+4 SInv}
   (You found it on level 9 of the Dungeon)

   [ring of protection from magic]

   It affects your intelligence (+4).
   It protects you from poison.
   It affects your resistance to hostile enchantments.
   It lets you see invisible.
 Z - the ring "Kupn" {+Fly Int+3}
   (You found it on level 2 of the Lair of Beasts)

   [ring of flight]

   It affects your intelligence (+3).
   It lets you fly.
Wands
 z - a wand of flame (61)
 B - a wand of acid (2)
 F - a wand of digging (4)
 X - a wand of scattershot (5)
Scrolls
 c - 2 scrolls of fear
 h - 6 scrolls of fog
 l - 11 scrolls of amnesia
 t - a scroll of magic mapping
 v - 2 scrolls of teleportation
 G - 2 scrolls of silence
 H - a scroll of identify
 L - 2 scrolls of summoning
 M - 6 scrolls of enchant armour
 T - 10 scrolls of remove curse
 V - 6 scrolls of vulnerability
Potions
 d - 13 potions of blood
 m - 6 potions of flight
 p - 5 potions of lignification
 r - 4 potions of curing
 u - 3 potions of might
 w - 2 potions of ambrosia
 x - 3 potions of cancellation
 D - 2 potions of berserk rage
 J - 2 potions of resistance
 K - 10 potions of agility
 O - a potion of magic
 P - 3 potions of invisibility {omg}
 W - 7 potions of brilliance
 Y - 5 potions of haste
Miscellaneous
 U - a lightning rod (4/4)


   Skills:
 + Level 6.7 Fighting
 + Level 10.2 Short Blades
 + Level 2.0 Throwing
 + Level 6.9 Armour
 + Level 6.7 Dodging
 O Level 27 Stealth
   Level 2.2 Shields
 + Level 17.4 Spellcasting
 + Level 1.3 Conjurations
 + Level 21.7 Hexes
 + Level 3.6 Charms
 + Level 10.1 Summonings
 + Level 3.4 Necromancy
 + Level 11.2 Ice Magic
 + Level 4.5 Invocations
 + Level 0.1 Evocations


You had 20 spell levels left.
You knew the following spells:

 Your Spells              Type           Power        Failure   Level  Hunger
a - Corona                Hex            #######      0%          1    None
b - Ensorcelled Hibernat  Hex/Ice        ######       0%          2    None
c - Confuse               Hex            ########     0%          3    None
d - Tukima's Dance        Hex            ########     0%          3    None
e - Swiftness             Chrm/Air       #####...     1%          2    None
f - Regeneration          Chrm/Necr      ######....   1%          3    None
g - Throw Icicle          Conj/Ice       ######..     1%          4    None
h - Summon Ice Beast      Ice/Summ       #######.     1%          4    None
i - Dazzling Spray        Conj/Hex       ######       1%          3    None
j - Blink                 Tloc           N/A          2%          2    None
k - Summon Hydra          Summ           #######...   21%         7    ####...

Your spell library contained the following spells:

 Spells                   Type           Power        Failure   Level  Hunger
 Confusing Touch          Hex            ######       0%          1    None
 Animate Skeleton         Necr           N/A          1%          1    None
 Beastly Appendage        Tmut           ####..       1%          1    None
 Freeze                   Ice            ####         1%          1    None
 Magic Dart               Conj           ####         1%          1    None
 Pain                     Necr           ####         1%          1    None
 Shock                    Conj/Air       ####         1%          1    None
 Summon Butterflies       Summ           #######.     1%          1    None
 Summon Small Mammal      Summ           ####         1%          1    None
 Searing Ray              Conj           #####.       1%          2    None
 Sublimation of Blood     Necr           ######....   1%          2    None
 Throw Frost              Conj/Ice       ######       1%          2    None
 Call Canine Familiar     Summ           #######.     1%          3    None
 Ozocubu's Armour         Chrm/Ice       ######..     1%          3    None
 Portal Projectile        Hex/Tloc       ######       1%          3    None
 Recall                   Summ/Tloc      N/A          1%          3    None
 Vampiric Draining        Necr           ######....   1%          3    None
 Fulminant Prism          Conj/Hex       #######...   1%          4    None
 Ice Form                 Ice/Tmut       ######..     1%          4    None
 Aura of Abjuration       Summ           #######...   1%          5    None
 Summon Demon             Summ           #######...   1%          5    None
 Summon Mana Viper        Hex/Summ       #######.     1%          5    None
 Sticks to Snakes         Tmut           ####....     2%          2    None
 Static Discharge         Conj/Air       ####....     3%          3    None
 Spider Form              Tmut/Pois      ####......   4%          3    None
 Animate Dead             Necr           N/A          4%          4    None
 Summon Forest            Summ/Tloc      ######....   5%          5    None
 Iskenderun's Mystic Bla  Conj           #####...     9%          4    None
 Excruciating Wounds      Chrm/Necr      ######....   11%         5    None
 Force Lance              Conj/Tloc      ####....     12%         4    None
 Airstrike                Air            ####......   16%         4    None
 Passage of Golubria      Tloc           N/A          16%         4    None
 Monstrous Menagerie      Summ           #######...   21%         7    ####...
 Summon Greater Demon     Summ           #######...   21%         7    ####...
 Lightning Bolt           Conj/Air       ####......   32%         5    None
 Blade Hands              Tmut           ####......   38%         5    None
 Spellforged Servitor     Conj/Summ      ######....   73%         7    ####...
 Summon Horrible Things   Summ           #######...   80%         8    #####..
 Malign Gateway           Summ/Tloc      ######....   82%         7    ####...
 Dispersal                Tloc           ####......   90%         6    None
 Controlled Blink         Tloc           N/A          100%        8    #####..


Dungeon Overview and Level Annotations

Branches:
Dungeon (15/15)            Temple (1/1) D:7            Lair (6/6) D:8
  Swamp (4/4) Lair:4        Snake (4/4) Lair:2        Slime (0/5) Lair:5
    Orc (2/2) D:9             Elf (3/3) Orc:2        Vaults (4/5) D:13
  Crypt (1/3) Vaults:2     Depths (1/5) D:15

Altars:
Ashenzari
Cheibriados
Dithmenos
Fedhas
Gozag
Hepliaklqana
Kikubaaqudgha
Makhleb
Nemelex Xobeh
Okawaru
Qazlal
Sif Muna
Trog
Uskayaw
Vehumet
Wu Jian
Xom
Yredelemnul
Zin
The Shining One
Beogh
Jiyva

Shops:
D:10 [!   Orc:2 (}*=   Elf:1 }(   Elf:2 [*?*   Elf:3 (   Vaults:1 ((
Vaults:2 (

Annotations:
Lair:3 exclusion: oklob plant
Lair:4 1 runed translucent door, jesusflecha's ghost, journeyman MiFi
Snake:1 2 runed translucent doors, Wicla's ghost, journeyman CeHu
Elf:1 exclusion: orange crystal statue
Elf:2 5 runed translucent doors
Elf:3 1 exclusion
Vaults:2 Xtahua


Innate Abilities, Weirdness & Mutations

You have razor-sharp teeth.
You have supernaturally acute eyesight. (SInv)
You can survive without breathing.
You have an increased reservoir of magic. (+10% MP)
You are resistant to hostile enchantments. (MR+)


Message History

* * * LOW HITPOINT WARNING * * *
Something is bathed in an unholy light!
The curse skull rattles its jaw.
Found a stone staircase leading down.
As you read the scroll of fog, it crumbles to dust.
The scroll dissolves into smoke.
You block the jiangshi's attack. The jiangshi closely misses you.
The vampire mage casts a spell.
Unknown command.
Unknown command.
As you read the scroll of teleportation, it crumbles to dust.
You feel strangely unstable.
Unknown command.
You feel better. The jiangshi claws you!
* * * LOW HITPOINT WARNING * * *
The jiangshi claws you.
* * * LOW HITPOINT WARNING * * *
The shadow barely misses you. The jiangshi claws you!
You die...
Your body glows with a rainbow of weird colours and disappears.

#.......Z.W...V..#
...............^.##
.Z...$.....z......#
#W.......zL....V#.#
........W.....W...#
##...........§§>.#
............§zV§§#
##..........§§WV#
#####§§@## #####


You could see 2 jiangshi, a curse skull and a shadow (invisible).

Vanquished Creatures
  the Lernaean hydra (Swamp:4)
  Rupert (Orc:1)
  A sphinx (Vaults:3)
  An eldritch tentacle (Vaults:3)
  A tengu reaver (Vaults:2)
  4 nagarajas
  4 vault wardens
  2 fire giants (Vaults:4)
  Louise (Swamp:2)
  A ghoul (D:14)
  7 very ugly things
  9 ironheart preservers
  5 entropy weavers
  A minotaur (Vaults:1)
  2 dire elephants
  2 ettins
  A deep elf death mage (Elf:1)
  A jiangshi (Crypt:1)
  A crystal guardian (Vaults:4)
  Josephine (Lair:6)
  2 fire dragons
  A deep elf high priest (Elf:2)
  Erolcha (Orc:2)
  4 yaktaur captains
  Harold (Lair:2)
  2 ice dragons
  12 ogre magi
  23 hydras
  A rakshasa (Vaults:3)
  3 shambling mangroves
  4 ghost crabs
  6 vault guards
  12 naga warriors
  3 death knights
  3 centaur warriors
  17 alligators
  19 anacondas
  32 two-headed ogres
  9 dancing weapons
  3 death yaks
  3 tengu warriors
  2 orc high priests
  6 shock serpents
  A titan zombie (Crypt:1)
  Sonja (Lair:6)
  14 naga sharpshooters
  Nergalle (Orc:1)
  13 deep elf knights
  6 salamander mystics
  A shadow wraith (Vaults:4)
  A fire crab (shapeshifter) (Vaults:4)
  3 unseen horrors
  2 spriggan druids (Swamp:4)
  A death drake (Vaults:1)
  9 skeletal warriors
  An unseen horror (shapeshifter) (Vaults:1)
  A glowing orange brain (Vaults:3)
  5 wizards
  8 naga ritualists
  11 swamp dragons
  11 orc knights
  4 necromancers
  7 deep trolls
  15 deep elf archers
  9 ironbrand convokers
  A mana viper (shapeshifter) (Vaults:3)
  A wolf spider zombie (D:15)
  4 lindwurms (Snake:4)
  6 harpies (Vaults:4)
  2 phantasmal warriors
  A shadow dragon skeleton (Vaults:1)
  43 deep elf magi
  7 orc sorcerers
  34 ugly things
  2 large abominations (Elf:1)
  A manticore (D:13)
  2 wolf spiders
  13 mana vipers
  6 cyclopes
  9 salamanders
  22 elephants
  2 worldbinders (Vaults:3)
  5 guardian serpents (Snake:4)
  A guardian serpent (shapeshifter) (Vaults:4)
  17 naga magi
  A fire giant skeleton (Vaults:1)
  11 vault sentinels
  51 black mambas
  A torpor snail (Lair:6)
  15 spiny frogs
  A kobold demonologist (D:15)
  7 komodo dragons
  A komodo dragon (shapeshifter) (Vaults:3)
  18 yaktaurs
  A human zombie (Vaults:1)
  13 rime drakes
  An efreet (D:10)
  2 tengu conjurers (D:15)
  A rime drake (shapeshifter) (Depths:1)
  A redback zombie (D:14)
  7 freezing wraiths
  A guardian mummy (D:14)
  7 trolls
  A wind drake (D:15)
  4 meliai
  6 tyrant leeches
  23 hornets
  3 jumping spiders (Vaults:3)
  5 polar bears
  13 hippogriffs
  15 bog bodies
  36 slime creatures
  21 blink frogs
  14 spriggans
  3 redbacks
  4 wraiths
  A tarantella (Vaults:3)
  A wyvern (Lair:4)
  Sigmund (D:2)
  A shadow (Swamp:2)
  A vampire (D:12)
  2 water elementals
  A fire elemental (Elf:3)
  35 yaks
  18 humans (D:13)
  3 basilisks
  4 hungry ghosts
  23 vampire mosquitoes
  10 steam dragons
  A hog (shapeshifter) (Elf:3)
  17 insubstantial wisps
  A warg (Elf:2)
  Menkaure (D:5)
  5 acid dragons
  24 nagas
  2 spatial vortices (Vaults:3)
  14 swamp worms
  20 water moccasins
  Duvessa (D:5)
  13 porcupines
  34 orc warriors
  14 swamp drakes
  6 phantoms
  2 sky beasts
  5 black bears
  A black bear (shapeshifter) (Vaults:1)
  7 ice beasts
  An eye of draining (D:10)
  31 ogres
  A necrophage (D:10)
  6 boggarts
  57 wolves
  19 centaurs
  8 crocodiles
  3 big kobolds
  5 elf zombies (Elf:1)
  13 bullfrogs
  A wyvern zombie (D:14)
  A gnoll sergeant (D:7)
  Dowan (D:5)
  An earth elemental (Elf:3)
  13 killer bees
  2 scorpions
  2 vampire bats (D:9)
  13 wights
  3 howler monkeys
  An electric eel (Lair:4)
  9 crimson imps
  5 centaur zombies
  6 jellies
  2 quasits
  A bullfrog zombie (D:12)
  8 hounds
  4 centaur skeletons
  23 orc priests
  26 orc wizards
  11 worker ants
  7 iguanas
  A hound skeleton (D:5)
  3 mummies (D:14)
  6 gnolls
  19 adders
  2 shadow imps
  An adder zombie (D:9)
  An adder skeleton (D:8)
  3 worms
  3 dart slugs
  7 leopard geckos
  94 orcs
  3 ball pythons
  3 bats (D:1)
  3 bat skeletons (D:9)
  3 bat zombies (D:9)
  3 giant cockroaches
  2 goblins (D:2)
  A hobgoblin (D:1)
  4 jackals
  10 kobolds
  4 quokkas
  7 frilled lizards
  2 jackal skeletons
  A leopard gecko skeleton (D:5)
  A quokka skeleton (D:6)
  5 rats
  8 fungi
1561 creatures vanquished.

Vanquished Creatures (collateral kills)
  Nikola (Vaults:2)
  A tentacled monstrosity (Vaults:3)
  A thorn hunter (Swamp:4)
  4 nagarajas
  2 deep elf sorcerers (Elf:3)
  An orc warlord (Orc:2)
  5 hydras
  A rakshasa (D:15)
  2 great orbs of eyes
  A shambling mangrove (Swamp:3)
  A two-headed ogre (Orc:2)
  A large abomination (Elf:1)
  A deep elf knight (Vaults:3)
  A spriggan druid (Swamp:3)
  A naga ritualist (Snake:2)
  2 deep elf archers
  A deep elf mage (Vaults:4)
  An orc sorcerer (Orc:2)
  2 mana vipers
  A black mamba (Snake:4)
  A guardian serpent (Snake:4)
  2 spiny frogs
  6 hornets
  2 slime creatures
  2 bog bodies (Swamp:4)
  6 spriggans
  3 yaks (D:9)
  6 insubstantial wisps
  2 orc warriors (D:9)
  An ogre (Orc:2)
  2 wolves (Lair:6)
  A crocodile (Lair:6)
  A boggart (Vaults:3)
  A wight (D:10)
  A jelly (Orc:2)
  A quasit (D:15)
  A hound (Orc:2)
  A worker ant (Orc:2)
  2 orc wizards (D:9)
  A gnoll (Orc:2)
  2 adders (Orc:2)
  2 river rats (Orc:2)
  A worm (Orc:2)
  22 orcs
  A hobgoblin (Orc:2)
102 creatures vanquished.

Vanquished Creatures (others)
  A deep elf annihilator (Elf:1)
  A deep elf archer (Elf:1)
  A deep elf mage (Vaults:3)
  A hornet (Lair:6)
  A spriggan (Lair:6)
  An ogre (Vaults:4)
  A boggart (Lair:6)
  A wolf (Lair:6)
  2 ball lightnings
  3 briar patches (Swamp:4)
  A bush (Swamp:4)
  26 fungi
  11 plants
  8 withered plants (D:14)
59 creatures vanquished.

Grand Total: 1722 creatures vanquished

Notes
Turn   | Place    | Note
-------+----------+-------------------------------------------
     0 | D:1      | Lapis the Vampire Enchanter began the quest for the Orb.
     0 | D:1      | Reached XP level 1. HP: 13/13 MP: 3/3
   166 | D:1      | Reached XP level 2. HP: 15/19 MP: 1/5
   238 | D:1      | Learned a level 2 spell: Ensorcelled Hibernation
   293 | D:1      | Reached skill level 5 in Stealth
   676 | D:2      | Reached XP level 3. HP: 4/24 MP: 0/6
   964 | D:2      | Learned a level 3 spell: Confuse
   992 | D:2      | Noticed Sigmund
  1238 | D:2      | Reached XP level 4. HP: 15/30 MP: 0/7
  1327 | D:2      | Killed Sigmund
  1327 | D:2      | Reached skill level 6 in Stealth
  1327 | D:2      | Reached skill level 5 in Hexes
  1327 | D:2      | Reached skill level 1 in Ice Magic
  1327 | D:2      | Reached XP level 5. HP: 24/36 MP: 0/9
  1509 | D:2      | Found a bloodstained altar of Trog.
  1614 | D:3      | Learned a level 3 spell: Tukima's Dance
  1654 | D:4      | Reached skill level 7 in Stealth
  1654 | D:4      | Reached XP level 6. HP: 42/42 MP: 5/10
  2086 | D:4      | Reached XP level 7. HP: 47/47 MP: 4/12
  2145 | D:4      | Found a stormy altar of Qazlal.
  2147 | D:4      | Found a blossoming altar of Fedhas.
  2170 | D:4      | Reached skill level 8 in Stealth
  2181 | D:4      | Reached skill level 1 in Fighting
  2361 | D:4      | Reached skill level 9 in Stealth
  2659 | D:5      | Entered Level 5 of the Dungeon
  2724 | D:5      | Found an iron altar of Okawaru.
  2768 | D:5      | Reached XP level 8. HP: 54/54 MP: 13/13
  2838 | D:5      | Reached skill level 10 in Stealth
  3065 | D:5      | Noticed Menkaure
  3075 | D:5      | Killed Menkaure
  3075 | D:5      | Reached skill level 11 in Stealth
  3441 | D:5      | Noticed Dowan
  3442 | D:5      | Noticed Duvessa
  3448 | D:5      | Killed Duvessa
  3460 | D:5      | Killed Dowan
  3568 | D:5      | Found a hide-covered altar of Uskayaw.
  3568 | D:5      | Found a hazy altar of Hepliaklqana.
  3987 | D:6      | Reached skill level 12 in Stealth
  3987 | D:6      | Reached XP level 9. HP: 58/60 MP: 13/16
  3999 | D:6      | Reached skill level 5 in Spellcasting
  4460 | D:6      | Found a basalt altar of Yredelemnul.
  4740 | D:7      | Found a staircase to the Ecumenical Temple.
  4749 | Temple   | Entered the Ecumenical Temple
  4810 | Temple   | Became a worshipper of Nemelex Xobeh the Trickster
  4907 | D:7      | Received a gift from Nemelex Xobeh
  5368 | D:7      | Found a shimmering altar of Xom.
  5488 | D:8      | Found an opulent altar of Gozag.
  5582 | D:8      | Got a pitted ring mail
  5593 | D:8      | Identified the +3 ring mail "Qafuar" {rC+ MR+ Str-2} (You
                  | found it on level 8 of the Dungeon)
  5617 | D:8      | Found a staircase to the Lair.
  5627 | D:8      | Found a roughly hewn altar of Beogh.
  5646 | D:8      | Reached skill level 13 in Stealth
  5789 | D:8      | Found a snail-covered altar of Cheibriados.
  5810 | D:8      | Reached skill level 5 in Short Blades
  6566 | D:8      | Reached skill level 1 in Armour
  6780 | D:9      | Reached XP level 10. HP: 67/67 MP: 15/18
  6880 | D:9      | Reached skill level 14 in Stealth
  7125 | D:9      | Noticed a deep elf mage
  7138 | D:9      | Noticed a two-headed ogre
  7210 | D:9      | Killed a deep elf mage
  7231 | D:9      | Reached skill level 15 in Stealth
  7334 | D:9      | Killed a two-headed ogre
  7410 | D:9      | Identified the Incunabulum of the Guardian
  7414 | D:9      | Got a heavily runed turquoise ring
  7428 | D:9      | Identified the ring "Kaffudgh" {rPois MR+ Int+4 SInv} (You
                  | found it on level 9 of the Dungeon)
  7441 | D:9      | Got a shimmering ring mail
  7452 | D:9      | Identified the +4 ring mail "Matses" {rPois rF+ rN+ Int+7}
                  | (You found it on level 9 of the Dungeon)
  7594 | D:9      | Reached skill level 5 in Ice Magic
  7644 | D:9      | Found an ancient bone altar of Kikubaaqudgha.
  7730 | D:9      | Found a radiant altar of Vehumet.
  7865 | D:9      | Reached * piety under Nemelex Xobeh
  7908 | D:9      | Found an ornate altar of the Wu Jian Council.
  7960 | D:9      | Noticed a tengu warrior
  7961 | D:9      | Noticed a tengu warrior
  7961 | D:9      | Noticed a two-headed ogre
  7980 | D:9      | Killed a tengu warrior
  7980 | D:9      | Reached skill level 10 in Hexes
  8143 | D:9      | Killed a two-headed ogre
  8143 | D:9      | Reached XP level 11. HP: 74/74 MP: 8/21
  8191 | D:9      | Killed a tengu warrior
  8315 | D:9      | Reached skill level 16 in Stealth
  8366 | D:9      | Found a staircase to the Orcish Mines.
  8537 | Lair:1   | Entered Level 1 of the Lair of Beasts
  8588 | Lair:1   | Received a gift from Nemelex Xobeh
  8968 | Lair:1   | Reached skill level 1 in Shields
  9012 | Lair:1   | Reached ** piety under Nemelex Xobeh
  9973 | Lair:1   | Reached skill level 17 in Stealth
 10004 | Lair:1   | Gained mutation: You are resistant to hostile enchantments.
                  | (MR+) [potion of mutation]
 10004 | Lair:1   | Gained mutation: You have an increased reservoir of magic.
                  | (+10% MP) [potion of mutation]
 10044 | Lair:1   | Reached XP level 12. HP: 79/81 MP: 19/27
 10416 | Lair:2   | Received a gift from Nemelex Xobeh
 10764 | Lair:2   | Found a staircase to the Snake Pit.
 11037 | Lair:2   | Noticed Harold
 11322 | Lair:2   | Killed Harold
 11322 | Lair:2   | Reached skill level 1 in Throwing
 11530 | Lair:2   | Noticed a seven-headed hydra
 11535 | Lair:2   | Noticed an entropy weaver
 11535 | Lair:2   | a seven-headed hydra changed into an entropy weaver
 11541 | Lair:2   | Killed an entropy weaver
 11782 | Lair:2   | Reached *** piety under Nemelex Xobeh
 11794 | Lair:2   | Reached skill level 18 in Stealth
 11980 | Lair:2   | Got a clouded jade ring
 11982 | Lair:2   | Identified the ring "Kupn" {+Fly Int+3} (You found it on
                  | level 2 of the Lair of Beasts)
 12298 | Snake:1  | Entered Level 1 of the Snake Pit
 12359 | Lair:3   | Received a gift from Nemelex Xobeh
 12512 | Lair:3   | Noticed an eight-headed hydra
 12527 | Lair:3   | Killed an eight-headed hydra
 12550 | Lair:3   | Learned a level 2 spell: Swiftness
 12623 | Lair:3   | Received a gift from Nemelex Xobeh
 12665 | Lair:3   | Reached XP level 13. HP: 87/87 MP: 24/29
 12719 | Lair:3   | Reached **** piety under Nemelex Xobeh
 13854 | Lair:4   | Reached skill level 10 in Spellcasting
 14010 | Lair:4   | Reached skill level 19 in Stealth
 14017 | Lair:4   | Found a staircase to the Swamp.
 14032 | Swamp:1  | Entered Level 1 of the Swamp
 14325 | Lair:4   | Received a gift from Nemelex Xobeh
 14829 | Lair:4   | Found a runed translucent door.
 14831 | Lair:4   | Noticed jesusflecha's ghost (journeyman MiFi)
 15218 | Lair:5   | Reached ***** piety under Nemelex Xobeh
 15412 | Lair:5   | Found a viscous altar of Jiyva.
 15413 | Lair:5   | Found a staircase to the Slime Pits.
 15415 | Lair:5   | Received a gift from Nemelex Xobeh
 15908 | Lair:5   | Received a gift from Nemelex Xobeh
 16314 | Lair:6   | Entered Level 6 of the Lair of Beasts
 16873 | Lair:6   | Reached XP level 14. HP: 95/95 MP: 26/31
 16940 | Lair:6   | Reached skill level 20 in Stealth
 17059 | Lair:6   | Received a gift from Nemelex Xobeh
 17462 | Lair:6   | Noticed Josephine
 17469 | Lair:6   | Killed Josephine
 17857 | Lair:6   | Reached skill level 15 in Hexes
 18205 | Lair:6   | Noticed Sonja
 18349 | Lair:6   | Received a gift from Nemelex Xobeh
 18782 | Lair:6   | Killed Sonja
 20071 | Snake:1  | Found a large runed translucent door.
 20071 | Snake:1  | Found a large runed translucent door.
 20075 | Snake:1  | Noticed Wicla's ghost (journeyman CeHu)
 20089 | Snake:1  | Received a gift from Nemelex Xobeh
 20189 | Snake:1  | Reached skill level 21 in Stealth
 21336 | Snake:1  | Reached XP level 15. HP: 89/101 MP: 9/33
 21479 | Snake:1  | Received a gift from Nemelex Xobeh
 22344 | D:10     | Entered Level 10 of the Dungeon
 22587 | D:10     | Found Xaopniucw's Distillery.
 22598 | D:10     | Bought a potion of agility for 44 gold pieces
 22598 | D:10     | Bought a potion of heal wounds for 55 gold pieces
 22598 | D:10     | Bought a potion of heal wounds for 55 gold pieces
 22598 | D:10     | Bought a potion of might for 44 gold pieces
 22657 | D:10     | Received a gift from Nemelex Xobeh
 22665 | D:10     | Found Jiukam's Armour Boutique.
 23516 | D:11     | Received a gift from Nemelex Xobeh
 23683 | D:11     | Reached ****** piety under Nemelex Xobeh
 23865 | D:11     | Received a gift from Nemelex Xobeh
 23886 | D:11     | Reached skill level 5 in Dodging
 24815 | D:12     | Identified the -1 long sword of Jimeapro {elec, Int+2}
 25161 | D:12     | Reached skill level 22 in Stealth
 25341 | D:13     | Found a stormy altar of Qazlal.
 25452 | D:13     | Received a gift from Nemelex Xobeh
 26067 | D:13     | Found a gate to the Vaults.
 26765 | D:14     | Received a gift from Nemelex Xobeh
 26915 | D:14     | Reached skill level 5 in Armour
 27688 | D:14     | Reached skill level 23 in Stealth
 28285 | D:14     | Received a gift from Nemelex Xobeh
 28693 | D:15     | Entered Level 15 of the Dungeon
 28745 | D:15     | Got a transparent rapier
 28746 | D:15     | Identified the +4 rapier of Jegigh {pierce, rElec rN+
                  | Dex+5} (You found it on level 15 of the Dungeon)
 28768 | D:15     | Reached XP level 16. HP: 108/108 MP: 36/36
 29059 | D:15     | Learned a level 3 spell: Regeneration
 29356 | D:15     | Received a gift from Nemelex Xobeh
 29403 | D:15     | Reached skill level 5 in Fighting
 30135 | D:15     | Found a staircase to the Depths.
 30937 | Swamp:1  | Reached skill level 24 in Stealth
 31259 | Swamp:1  | Received a gift from Nemelex Xobeh
 32251 | Snake:2  | Reached skill level 1 in Charms
 32813 | Snake:2  | Received a gift from Nemelex Xobeh
 33171 | Snake:2  | Reached skill level 1 in Necromancy
 33246 | Snake:3  | Received a gift from Nemelex Xobeh
 33279 | Snake:3  | Identified a scroll of acquirement
 33684 | Snake:3  | Reached XP level 17. HP: 116/116 MP: 38/38
 33792 | Snake:3  | Received a gift from Nemelex Xobeh
 33893 | Snake:4  | Entered Level 4 of the Snake Pit
 34854 | Orc:1    | Entered Level 1 of the Orcish Mines
 34854 | Orc:1    | Noticed Nergalle
 34859 | Orc:1    | Killed Nergalle
 34924 | Orc:2    | Entered Level 2 of the Orcish Mines
 35104 | Orc:1    | Received a gift from Nemelex Xobeh
 35104 | Orc:1    | Found a roughly hewn altar of Beogh.
 35262 | Orc:1    | Received a gift from Nemelex Xobeh
 35524 | Orc:2    | Noticed Rupert
 35587 | Orc:1    | Killed Rupert
 36076 | Orc:2    | Found a staircase to the Elven Halls.
 36404 | Orc:2    | Found Etui's General Store.
 36404 | Orc:2    | Found Reixkie's Antique Weapon Shop.
 36404 | Orc:2    | Found Kyvueghy's Gadget Shop.
 36411 | Orc:2    | Found Rarghi's Jewellery Boutique.
 36510 | Orc:2    | Received a gift from Nemelex Xobeh
 36635 | Orc:2    | Noticed Erolcha
 36642 | Orc:2    | Killed Erolcha
 36918 | Elf:1    | Entered Level 1 of the Elven Halls
 37069 | Elf:1    | Received a gift from Nemelex Xobeh
 37078 | Elf:1    | Found Worch's Weapon Shop.
 37177 | Elf:1    | Found Kifomn's Gadget Boutique.
 37481 | Elf:1    | Got a steaming falchion
 37482 | Elf:1    | Identified the +6 falchion of Dung {slice, *Slow rElec rC+
                  | Dex+5} (You found it on level 1 of the Elven Halls)
 37531 | Elf:1    | Received a gift from Nemelex Xobeh
 37792 | Elf:1    | Reached skill level 1 in Invocations
 38264 | Elf:2    | Found Inwamit's Magic Scroll Boutique.
 38264 | Elf:2    | Found Zecewet's Armour Boutique.
 38264 | Elf:2    | Found Eqivela's Assorted Antiques.
 38281 | Elf:2    | Found Amoriwno's General Store.
 38283 | Elf:2    | Bought a +1 cloak of magic resistance for 247 gold pieces
 38304 | Elf:2    | Bought a scroll of teleportation for 114 gold pieces
 38308 | Elf:2    | Bought a scroll of acquirement for 832 gold pieces
 38311 | Elf:2    | Identified the -4 large shield of Brilliance {rF++ Dex+2}
                  | (You acquired it on level 2 of the Elven Halls)
 38928 | Snake:4  | Reached skill level 25 in Stealth
 39339 | Snake:4  | Received a gift from Nemelex Xobeh
 39762 | Snake:4  | Reached skill level 10 in Ice Magic
 40728 | Swamp:2  | Received a gift from Nemelex Xobeh
 40829 | Swamp:2  | Reached XP level 18. HP: 101/123 MP: 15/40
 41216 | Swamp:2  | Noticed Louise
 41218 | Swamp:2  | Killed Louise
 41247 | Swamp:2  | Learned a level 4 spell: Throw Icicle
 41397 | Swamp:2  | Received a gift from Nemelex Xobeh
 42107 | Swamp:2  | Learned a level 4 spell: Summon Ice Beast
 42618 | Swamp:3  | Received a gift from Nemelex Xobeh
 43483 | Swamp:4  | Entered Level 4 of the Swamp
 43539 | Swamp:4  | Received a gift from Nemelex Xobeh
 43708 | Swamp:4  | Identified the +0 long sword "Ceesk" {vamp, *Drain rF+++
                  | Str-2 Stlth+}
 44160 | Snake:4  | Reached skill level 15 in Spellcasting
 44961 | Snake:4  | Reached skill level 26 in Stealth
 45749 | Snake:4  | Got a serpentine rune of Zot
 46240 | Vaults:1 | Entered Level 1 of the Vaults
 46472 | Vaults:1 | Received a gift from Nemelex Xobeh
 47621 | Vaults:1 | Reached XP level 19. HP: 122/129 MP: 32/42
 48147 | Vaults:1 | Received a gift from Nemelex Xobeh
 48392 | Vaults:1 | Found Risampaff's Antique Weapon Shop.
 49087 | Vaults:1 | Found Bigopt's Weapon Shoppe.
 49250 | Vaults:2 | Received a gift from Nemelex Xobeh
 49770 | Vaults:2 | Noticed Nikola
 49795 | Vaults:2 | Found Cas Is Ybb's Weapon Emporium.
 49814 | Vaults:2 | Received a gift from Nemelex Xobeh
 51593 | Swamp:4  | Noticed the 27-headed Lernaean hydra
 51654 | Swamp:4  | Killed the 27-headed Lernaean hydra
 52140 | Swamp:4  | Reached skill level 1 in Summonings
 52302 | Swamp:4  | Got a decaying rune of Zot
 53352 | Vaults:2 | Noticed Xtahua
 53523 | Vaults:2 | Found a staircase to the Crypt.
 53523 | Vaults:2 | Found a basalt altar of Yredelemnul.
 53523 | Vaults:2 | Found an ancient bone altar of Kikubaaqudgha.
 53719 | Vaults:2 | Received a gift from Nemelex Xobeh
 53883 | Vaults:2 | Reached skill level 27 in Stealth
 55275 | Elf:2    | Reached skill level 10 in Short Blades
 55426 | Elf:2    | Bought a scroll of fear for 133 gold pieces
 55426 | Elf:2    | Bought a paperback book for 570 gold pieces
 55443 | Elf:2    | Bought a scroll of magic mapping for 56 gold pieces
 55443 | Elf:2    | Bought a scroll of vulnerability for 120 gold pieces
 55443 | Elf:2    | Bought a scroll of vulnerability for 120 gold pieces
 55443 | Elf:2    | Bought a scroll of fear for 56 gold pieces
 55443 | Elf:2    | Bought a scroll of fear for 56 gold pieces
 55443 | Elf:2    | Bought a scroll of vulnerability for 120 gold pieces
 55555 | Elf:2    | Found a huge runed translucent gate.
 55555 | Elf:2    | Found a huge runed translucent gate.
 55556 | Elf:2    | Found a huge runed translucent gate.
 55557 | Elf:2    | Found a huge runed translucent gate.
 55563 | Elf:2    | Found a huge runed translucent gate.
 56132 | Elf:2    | Identified the cursed ring "Xaawk" {rPois rN+ MR+ AC-4}
                  | (You found it on level 2 of the Elven Halls)
 56384 | Elf:3    | Entered Level 3 of the Elven Halls
 56467 | Elf:3    | Found Yvvoman's Weapon Emporium.
 56802 | Elf:3    | Received a gift from Nemelex Xobeh
 57641 | Elf:3    | Reached XP level 20. HP: 137/137 MP: 44/44
 58069 | Depths:1 | Entered Level 1 of the Depths
 58151 | D:15     | Learned a level 3 spell: Dazzling Spray
 59110 | Elf:1    | Identified the Tome of Dark Rites
 59483 | D:15     | Reached skill level 1 in Conjurations
 60133 | Vaults:3 | Received a gift from Nemelex Xobeh
 60855 | Vaults:3 | Reached skill level 5 in Summonings
 61265 | Vaults:3 | Found a shadowy altar of Dithmenos.
 61317 | Vaults:3 | Received a gift from Nemelex Xobeh
 62255 | Vaults:3 | Identified the Collected Works on Orientation
 62270 | Vaults:3 | Learned a level 2 spell: Blink
 62508 | Vaults:3 | Identified the Volume of Summoning
 64366 | Vaults:4 | Received a gift from Nemelex Xobeh
 64665 | Vaults:4 | Received a gift from Nemelex Xobeh
 64887 | Vaults:4 | Reached skill level 10 in Summonings
 64887 | Vaults:4 | Reached XP level 21. HP: 103/142 MP: 3/46
 65128 | Vaults:4 | Learned a level 7 spell: Summon Hydra
 65950 | Vaults:2 | Killed Nikola
 67330 | Crypt:1  | Entered Level 1 of the Crypt
 67340 | Crypt:1  | Received a gift from Nemelex Xobeh
 67359 | Crypt:1  | HP: 6/142 [jiangshi[a vampire mage] (13)]
 67359 | Crypt:1  | Slain by a jiangshi

Skill      XL: |  1  2  3  4  5  6  7  8  9 10 11 12 13 14 15 16 17 18 19 20 21 |
---------------+----------------------------------------------------------------+-----
Stealth        | 5 6 7 9 12 13 15 17 18 19 21 23 24 25 26 27 | 27.0
Short Blades   | 2 3 4 5 6 7 8 9 10 | 10.2
Hexes          | 5 6 7 8 10 11 12 14 15 16 17 18 19 20 21 | 21.7
Ice Magic      | 1 2 3 4 5 6 7 8 9 10 11 | 11.2
Spellcasting   | 3 4 5 7 8 9 10 11 12 13 14 15 16 17 | 17.4
Fighting       | 1 2 3 4 5 6 |  6.7
Dodging        | 3 4 5 6 |  6.7
Armour         | 1 2 3 4 5 6 |  6.9
Shields        | 1 2 |  2.2
Throwing       | 1 2 |  2.0
Charms         | 1 2 3 |  3.6
Necromancy     | 1 2 3 |  3.4
Invocations    | 3 4 |  4.5
Summonings     | 3 10 | 10.1
Conjurations   | 1 |  1.3
Evocations     | |  0.1

Action                   |  1- 3 |  4- 6 |  7- 9 | 10-12 | 13-15 | 16-18 | 19-21 || total
-------------------------+-------+-------+-------+-------+-------+-------+-------++-------
Melee: Dagger            |    87 |    95 |   284 |   415 |   892 |       |       ||  1773
       Bite              |     9 |    11 |    21 |    36 |    66 |   104 |   107 ||   354
       Rapier            |       |       |       |       |     1 |   271 |     9 ||   281
       Quick blade       |       |       |       |       |       |   716 |   984 ||  1700
       Falchion          |       |       |       |       |       |     3 |       ||     3
 Fire: Blowgun           |       |       |     1 |    16 |    13 |       |    11 ||    41
 Cast: Corona            |     6 |       |       |       |     1 |       |     7 ||    14
       Ensorcelled Hiber |    16 |    19 |    75 |   206 |   337 |   269 |   112 ||  1034
       Confuse           |     1 |     4 |    15 |    50 |   225 |   408 |   420 ||  1123
       Tukima's Dance    |       |       |       |       |     2 |     1 |       ||     3
       Regeneration      |       |       |       |       |       |    77 |    60 ||   137
       Swiftness         |       |       |       |       |       |     2 |       ||     2
       Throw Icicle      |       |       |       |       |       |    28 |    62 ||    90
       Summon Ice Beast  |       |       |       |       |       |    13 |    78 ||    91
       Dazzling Spray    |       |       |       |       |       |       |     4 ||     4
       Blink             |       |       |       |       |       |       |     1 ||     1
       Summon Hydra      |       |       |       |       |       |       |     3 ||     3
Invok: Triple Draw       |       |       |       |       |       |     2 |       ||     2
       Deal Four         |       |       |       |       |       |     2 |     1 ||     3
 Abil: Draw Destruction  |       |       |     1 |     2 |    10 |    28 |    10 ||    51
       Draw Summoning    |       |       |     1 |     2 |     7 |    30 |    10 ||    50
       End Transformatio |       |       |       |     3 |     4 |    11 |    10 ||    28
       Bat Form          |       |       |       |     3 |     4 |    11 |    10 ||    28
       Evoke Flight      |       |       |       |       |     1 |     2 |     1 ||     4
       Draw Escape       |       |       |       |       |       |    15 |    10 ||    25
Evoke: Wand              |       |       |       |       |     2 |     5 |       ||     7
       Lightning rod     |       |       |       |       |       |     4 |     3 ||     7
  Use: Potion            |     8 |     2 |    28 |    18 |    48 |    67 |    77 ||   248
       Scroll            |       |       |     9 |     4 |    16 |    28 |    19 ||    76
 Stab: Sleeping          |    15 |    16 |    75 |   120 |   265 |   205 |    94 ||   790
       Confused          |       |     3 |    12 |    26 |   136 |   225 |   280 ||   682
       Distracted        |       |       |     2 |       |       |     9 |     3 ||    14
       Petrified         |       |       |     1 |       |       |       |       ||     1
       Invisible         |       |       |       |       |       |       |     2 ||     2
Armor: Robe              |    25 |     9 |    13 |       |       |       |       ||    47
       Ring mail         |       |       |    35 |   116 |   172 |   269 |   204 ||   796
       Skin              |       |       |       |       |       |       |     3 ||     3
Dodge: Dodged            |    57 |    40 |   102 |   184 |   434 |   550 |   472 ||  1839
Block: Other             |       |    10 |    26 |    52 |   101 |   134 |    93 ||   416
       Reflection        |       |       |     2 |     3 |     6 |     8 |    10 ||    29
       Rpst.: Falchion   |       |       |       |       |       |     1 |       ||     1
